%YAML 1.1
%TAG !u! tag:unity3d.com,2011:
--- !u!243 &-8830187432843399750
AudioMixerGroupController:
  m_ObjectHideFlags: 0
  m_CorrespondingSourceObject: {fileID: 0}
  m_PrefabInstance: {fileID: 0}
  m_PrefabAsset: {fileID: 0}
  m_Name: SoundEffect
  m_AudioMixer: {fileID: 24100000}
  m_GroupID: 52ed9c6f6113dc046a4592f0df636f1a
  m_Children: []
  m_Volume: 349c3f32905a4aa4da2231ebd87c6fce
  m_Pitch: 3a10ac1086a3c764385fddb906656885
  m_Send: 00000000000000000000000000000000
  m_Effects:
  - {fileID: -3017767422624147715}
  m_UserColorIndex: 0
  m_Mute: 0
  m_Solo: 0
  m_BypassEffects: 0
--- !u!243 &-6845084537208628627
AudioMixerGroupController:
  m_ObjectHideFlags: 0
  m_CorrespondingSourceObject: {fileID: 0}
  m_PrefabInstance: {fileID: 0}
  m_PrefabAsset: {fileID: 0}
  m_Name: BGM
  m_AudioMixer: {fileID: 24100000}
  m_GroupID: 6add88117d69e6447a49c89ae31e6227
  m_Children: []
  m_Volume: bebdcdb33f170734d9b04f0c4d8cfdac
  m_Pitch: 2a148ad1b63ba5a4a8c73acfc67b23a8
  m_Send: 00000000000000000000000000000000
  m_Effects:
  - {fileID: -2075766951554819054}
  m_UserColorIndex: 0
  m_Mute: 0
  m_Solo: 0
  m_BypassEffects: 0
--- !u!244 &-4717392210214683813
AudioMixerEffectController:
  m_ObjectHideFlags: 3
  m_CorrespondingSourceObject: {fileID: 0}
  m_PrefabInstance: {fileID: 0}
  m_PrefabAsset: {fileID: 0}
  m_Name: 
  m_EffectID: d4493486eaa4ddd4ca20ce9b5196b402
  m_EffectName: Attenuation
  m_MixLevel: b779bfc446b597b4789ebc7c39232299
  m_Parameters: []
  m_SendTarget: {fileID: 0}
  m_EnableWetMix: 0
  m_Bypass: 0
--- !u!244 &-3017767422624147715
AudioMixerEffectController:
  m_ObjectHideFlags: 3
  m_CorrespondingSourceObject: {fileID: 0}
  m_PrefabInstance: {fileID: 0}
  m_PrefabAsset: {fileID: 0}
  m_Name: 
  m_EffectID: 58327209b1f430240888ef4cf70d82ca
  m_EffectName: Attenuation
  m_MixLevel: 97f72060b3446cc4cbc2ea136d691120
  m_Parameters: []
  m_SendTarget: {fileID: 0}
  m_EnableWetMix: 0
  m_Bypass: 0
--- !u!244 &-2566846248804811241
AudioMixerEffectController:
  m_ObjectHideFlags: 3
  m_CorrespondingSourceObject: {fileID: 0}
  m_PrefabInstance: {fileID: 0}
  m_PrefabAsset: {fileID: 0}
  m_Name: 
  m_EffectID: 9261f255760176b46b76a655a33afa31
  m_EffectName: Attenuation
  m_MixLevel: 21812d55d6c47504f9b8554d708a86a9
  m_Parameters: []
  m_SendTarget: {fileID: 0}
  m_EnableWetMix: 0
  m_Bypass: 0
--- !u!243 &-2475418623740809177
AudioMixerGroupController:
  m_ObjectHideFlags: 0
  m_CorrespondingSourceObject: {fileID: 0}
  m_PrefabInstance: {fileID: 0}
  m_PrefabAsset: {fileID: 0}
  m_Name: UI
  m_AudioMixer: {fileID: 24100000}
  m_GroupID: e5f2c3f24c5789144b4f0bc83316ab08
  m_Children: []
  m_Volume: 52fa6db6db7b12948bfe48c9663b90aa
  m_Pitch: a0fb6894eb8f62d4eaa3d771cc881d3c
  m_Send: 00000000000000000000000000000000
  m_Effects:
  - {fileID: -4717392210214683813}
  m_UserColorIndex: 0
  m_Mute: 0
  m_Solo: 0
  m_BypassEffects: 0
--- !u!244 &-2075766951554819054
AudioMixerEffectController:
  m_ObjectHideFlags: 3
  m_CorrespondingSourceObject: {fileID: 0}
  m_PrefabInstance: {fileID: 0}
  m_PrefabAsset: {fileID: 0}
  m_Name: 
  m_EffectID: b4b224cd4f40b38419ff877e62d86129
  m_EffectName: Attenuation
  m_MixLevel: 45cab080009b6484e957f01de23498da
  m_Parameters: []
  m_SendTarget: {fileID: 0}
  m_EnableWetMix: 0
  m_Bypass: 0
--- !u!241 &24100000
AudioMixerController:
  m_ObjectHideFlags: 0
  m_CorrespondingSourceObject: {fileID: 0}
  m_PrefabInstance: {fileID: 0}
  m_PrefabAsset: {fileID: 0}
  m_Name: MainMixer
  m_OutputGroup: {fileID: 0}
  m_MasterGroup: {fileID: 24300002}
  m_Snapshots:
  - {fileID: 24500006}
  m_StartSnapshot: {fileID: 24500006}
  m_SuspendThreshold: -80
  m_EnableSuspend: 1
  m_UpdateMode: 0
  m_ExposedParameters:
  - guid: bebdcdb33f170734d9b04f0c4d8cfdac
    name: BGMVolume
  - guid: 349c3f32905a4aa4da2231ebd87c6fce
    name: EffectVolume
  - guid: 52fa6db6db7b12948bfe48c9663b90aa
    name: UIVolume
  - guid: c959320093103224a9f63b722d7b08c8
    name: VoiceVolume
  m_AudioMixerGroupViews:
  - guids:
    - 28f667ae4f048fa458bb703fac751f0c
    - 6add88117d69e6447a49c89ae31e6227
    - 52ed9c6f6113dc046a4592f0df636f1a
    - 9fa54f1a22e6b7d47874273a458aa199
    - e5f2c3f24c5789144b4f0bc83316ab08
    name: View
  m_CurrentViewIndex: 0
  m_TargetSnapshot: {fileID: 24500006}
--- !u!243 &24300002
AudioMixerGroupController:
  m_ObjectHideFlags: 0
  m_CorrespondingSourceObject: {fileID: 0}
  m_PrefabInstance: {fileID: 0}
  m_PrefabAsset: {fileID: 0}
  m_Name: Master
  m_AudioMixer: {fileID: 24100000}
  m_GroupID: 28f667ae4f048fa458bb703fac751f0c
  m_Children:
  - {fileID: -6845084537208628627}
  - {fileID: 2597883504085847002}
  - {fileID: -8830187432843399750}
  - {fileID: -2475418623740809177}
  m_Volume: 8cf0facf01ac91042b80b890e24864f8
  m_Pitch: d67531dce14045c4fa98a067c7ac5d97
  m_Send: 00000000000000000000000000000000
  m_Effects:
  - {fileID: 24400004}
  m_UserColorIndex: 0
  m_Mute: 0
  m_Solo: 0
  m_BypassEffects: 0
--- !u!244 &24400004
AudioMixerEffectController:
  m_ObjectHideFlags: 3
  m_CorrespondingSourceObject: {fileID: 0}
  m_PrefabInstance: {fileID: 0}
  m_PrefabAsset: {fileID: 0}
  m_Name: 
  m_EffectID: 409c6709bf72f8245beae1babd1fcfd5
  m_EffectName: Attenuation
  m_MixLevel: 103c63a0d8ba7794fbbe254c113fd55e
  m_Parameters: []
  m_SendTarget: {fileID: 0}
  m_EnableWetMix: 0
  m_Bypass: 0
--- !u!245 &24500006
AudioMixerSnapshotController:
  m_ObjectHideFlags: 0
  m_CorrespondingSourceObject: {fileID: 0}
  m_PrefabInstance: {fileID: 0}
  m_PrefabAsset: {fileID: 0}
  m_Name: Snapshot
  m_AudioMixer: {fileID: 24100000}
  m_SnapshotID: 6c0698b96a14ce94e882435f0fc81912
  m_FloatValues: {}
  m_TransitionOverrides: {}
--- !u!243 &2597883504085847002
AudioMixerGroupController:
  m_ObjectHideFlags: 0
  m_CorrespondingSourceObject: {fileID: 0}
  m_PrefabInstance: {fileID: 0}
  m_PrefabAsset: {fileID: 0}
  m_Name: Voice
  m_AudioMixer: {fileID: 24100000}
  m_GroupID: 9fa54f1a22e6b7d47874273a458aa199
  m_Children: []
  m_Volume: c959320093103224a9f63b722d7b08c8
  m_Pitch: 075abe7a866834144bf02513a4d910d6
  m_Send: 00000000000000000000000000000000
  m_Effects:
  - {fileID: -2566846248804811241}
  m_UserColorIndex: 0
  m_Mute: 0
  m_Solo: 0
  m_BypassEffects: 0
--- !u!244 &9104361447324764614
AudioMixerEffectController:
  m_ObjectHideFlags: 3
  m_CorrespondingSourceObject: {fileID: 0}
  m_PrefabInstance: {fileID: 0}
  m_PrefabAsset: {fileID: 0}
  m_Name: 
  m_EffectID: eb80891280eaea54a9c87eb49d07d885
  m_EffectName: Send
  m_MixLevel: db55f081f0cbf734589c2bd853b94b4a
  m_Parameters: []
  m_SendTarget: {fileID: 0}
  m_EnableWetMix: 0
  m_Bypass: 0
